 Dungeon Crawl Stone Soup version 0.20.0-15-g7f486f2 (webtiles) character file.

37 vishdafish the Shield-Bearer (level 3, -2/29 HPs)
             Began as a Formicid Fighter on June 30, 2017.
             Slain by an adder (3 damage)
             ... on level 2 of the Dungeon.
             The game lasted 00:01:55 (1193 turns).

vishdafish the Shield-Bearer (Formicid Fighter)     Turns: 1193, Time: 00:01:55

Health: -2/29      AC:  7    Str: 25    XL:     3   Next: 60%
Magic:  3/3        EV:  8    Int:  7    God:
Gold:   29         SH: 10    Dex: 10    Spells: 2/2 levels left

rFire    . . .     SeeInvis +   a - +0 war axe
rCold    . . .     Gourm    .   c - +0 shield
rNeg     . . .     Faith    .   b - +0 scale mail
rPois    .         Spirit   .   (helmet unavailable)
rElec    .         Reflect  .   (no cloak)
rCorr    .         Harm     .   (no gloves)
MR       .....                  (no boots)
Stlth    ..........             (no amulet)
Regen    0.1/turn               g - -4 ring of slaying (curse)
MPRegen  0.1/turn               h - +4 ring of strength

@: lethally poisoned (-2 -> -4)
A: permanent stasis, dig shafts and tunnels, four strong arms, antennae 3
a: Dig, Shaft Self


You were on level 2 of the Dungeon.
You were hungry.

You visited 1 branch of the dungeon, and saw 2 of its levels.

You collected 29 gold pieces.

Inventory:

Hand Weapons
 a - a +0 war axe (weapon)
Armour
 b - a +0 scale mail (worn)
 c - a +0 shield (worn)
Jewellery
 g - a cursed -4 ring of slaying (left hand)
 h - a +4 ring of strength (right hand)
Scrolls
 e - 3 scrolls of identify {unknown}
 i - 2 scrolls of remove curse {unknown}
 j - a scroll of recharging {unknown}
 k - 2 scrolls of noise {unknown}
 l - a scroll of magic mapping {unknown}
 m - 2 scrolls of enchant armour {unknown}
Potions
 d - a potion of might
 n - a potion of heal wounds {unknown}
 p - a potion of agility {unknown}
 s - 2 potions of curing {unknown}
 t - 2 potions of magic {unknown}
Comestibles
 f - a bread ration
 o - 3 meat rations
 q - a royal jelly
 r - 4 fruits


   Skills:
 + Level 3.5 Fighting
 + Level 2.2 Axes
 + Level 3.7 Armour
 + Level 0.5 Dodging
 + Level 4.2 Shields


You had 2 spell levels left.
You didn't know any spells.

Dungeon Overview and Level Annotations

Branches:
Dungeon (2/15)

Altars:


Innate Abilities, Weirdness & Mutations

You cannot be hasted, slowed, berserked, paralysed or teleported.
You can dig through walls and to a lower floor.
Your four strong arms can wield two-handed weapons with a shield.
You have a pair of large antennae on your head. (SInv)


Message History

* * * LOW HITPOINT WARNING * * *
You feel sick. You block the adder's attack. x2
You closely miss the adder.
The adder is lightly wounded.
The adder closely misses you. x2
Your shield prevents you from hitting the adder.
The adder is lightly wounded.
* * * LOW HITPOINT WARNING * * *
You feel sick. You block the adder's attack.
You miss the adder.
The adder is lightly wounded.
The adder barely misses you. x2
You hit the adder.
The adder is heavily wounded.
The adder barely misses you. You block the adder's attack.
You closely miss the adder.
The adder is heavily wounded.
* * * LOW HITPOINT WARNING * * *
You feel sick. The adder bites you.
You die...

#########..######.#
.(.................
##########..####.)#
##.# #..# #.# #..#{
#.# #..# {{{
#####.####..######
#......#.†.?......
#[.....#.#@.#####
#........#S.#
#........#....
#........#.####
##...##..#.# #...
#..#.# #### #..#.#
#..#.# ##.#


You could see an adder.

Vanquished Creatures
  3 worms (D:2)
  A dart slug (D:1)
  A leopard gecko (D:1)
  2 goblins (D:1)
  3 hobgoblins
  3 jackals (D:1)
  A ball python (D:2)
  4 bats
  3 frilled lizards
  2 kobolds
  3 rats (D:1)
  5 plants (D:1)
31 creatures vanquished.

Notes
Turn   | Place    | Note
-------+----------+-------------------------------------------
     0 | D:1      | vishdafish the Formicid Fighter began the quest for the Orb.
     0 | D:1      | Reached XP level 1. HP: 18/18 MP: 1/1
   114 | D:1      | Reached XP level 2. HP: 24/24 MP: 2/2
   704 | D:1      | Reached XP level 3. HP: 29/29 MP: 3/3
   724 | D:2      | Reached skill level 4 in Shields
  1190 | D:2      | HP: 1/29 [poisoned by an adder]
  1193 | D:2      | Slain by an adder

Skill      XL: |  1  2  3 |
---------------+----------+-----
Shields        | 4 |  4.2
Fighting       | |  3.5
Axes           | |  2.2
Armour         | |  3.7
Dodging        | |  0.5

Action                   || total
-------------------------++-------
Melee: War axe           ||   299
  Eat: Chunk             ||     1
Armor: Scale mail        ||   141
Dodge: Dodged            ||   102
Block: Shield            ||   176
